 Dungeon Crawl Stone Soup version 0.31-a0-1112-ga3593d9213 (webtiles) character file.

Game seed: 1747588515498163421

1629898 zdzicho121 the Conqueror (level 27, 199/199 HPs)
             Began as a Gargoyle Fighter on Dec 4, 2023.
             Was an Initiate of Gozag.
             Escaped with the Orb
             ... and 3 runes!
             The game lasted 02:30:53 (75821 turns).

zdzicho121 the Conqueror (Gargoyle Fighter)        Turns: 75821, Time: 02:30:54

Health: 199/199    AC: 80    Str: 40    XL:     27
Magic:  32/32      EV: 16    Int: 16    God:    Gozag
Gold:   8958       SH:  0    Dex:  7    Spells: 26/26 levels left

rFire   + . .        a - +9 battleaxe of Zin's Grace {flame, rF- Int+7 Stlth+}
rCold   + + .        (shield currently unavailable)
rNeg    + + .        W - +14 crystal plate armour {rC+}
rPois   ∞            m - +1 helmet of Ignis's Inspiration {MP+9 Str+5}
rElec   +            V - +2 cloak {rCorr}
rCorr   +            M - +2 pair of gloves {Str+3}
SInv    .            K - +1 pair of boots "Qyshod" {Will++ rCorr}
Will    ++++.        U - amulet of Lig Weg {Faith Drain rElec rF++ Stlth+}
Stlth   x              - +5 ring of evasion
HPRegen 0.53/turn    n - ring of Secrets {rC+ rN+ Slay+4}
MPRegen 0.23/turn

%: random rage (9%), faith
@: flying, studying Earth Magic
A: sickness immunity, AC +20, big wings, negative energy resistance 1,
electricity resistance, torment resistance 1, petrification resistance, berserk
2, clumsy 1, dopey 1
0: Orb of Zot
}: 3/15 runes: barnacled, slimy, gossamer
a: Renounce Religion, Potion Petition, Call Merchant, Bribe Branch


You escaped.
You worshipped Gozag.
Gozag was greatly pleased with you.
You visited 11 branches of the dungeon, and saw 52 of its levels.
You visited 1 bazaar.
You visited 1 ziggurat, and saw 10 of its levels.
You also visited: Sewer and Ice Cave.

You collected 29227 gold pieces.
You spent 4546 gold pieces at shops.
You paid 15723 gold pieces to Gozag.

Inventory:

Hand Weapons
 a - the +9 battleaxe of Zin's Grace (weapon) {flame, rF- Int+7 Stlth+}
   (You bought it in a shop on level 2 of the Elven Halls)

   Int+7:     It affects your intelligence (+7).
   rF-:       It makes you vulnerable to fire.
   Stlth+:    It makes you more stealthy.
Armour
 m - the +1 helmet of Ignis's Inspiration (worn) {MP+9 Str+5}
   (You found it on level 5 of the Pits of Slime)

   Str+5:     It affects your strength (+5).
   MP+9:      It affects your magic capacity (+9).
 r - the +3 pair of boots "Plog" {Dex+8 Stlth-}
   (You found it on level 9 of a ziggurat)

   Dex+8:     It affects your dexterity (+8).
   Stlth-:    It makes you less stealthy.
 E - the +1 pair of gloves of Wrong Decisions {rC+ Int+3}
   (You found it on level 2 of the Depths)

   Int+3:     It affects your intelligence (+3).
   rC+:       It protects you from cold.
 H - the +2 hood of the Assassin {Detect Stab+ Stlth++}
   (You found it on level 10 of a ziggurat)

   Detect:    It allows the wearer to sense nearby creatures.
   Stab+:     It allows the wearer to make particularly effective stabbing
   attacks against helpless or unaware enemies with any weapon.
   Stlth++:   It makes you much more stealthy.
 K - the +1 pair of boots "Qyshod" (worn) {Will++ rCorr}
   (You found it on level 3 of the Depths)

   Will++:    It greatly increases your willpower.
   rCorr:     It protects you from acid and corrosion.
 M - a +2 pair of gloves of strength (worn)
 V - a +2 cloak of preservation (worn)
 W - a +14 crystal plate armour of cold resistance (worn)
Jewellery
 e - a ring of see invisible
 f - a ring of protection from fire
 n - the ring of Secrets (right hand) {rC+ rN+ Slay+4}
   (You took it off a deep elf elementalist on level 3 of the Elven Halls)

   [ring of slaying]

   Slay+4:    It affects your accuracy & damage with ranged weapons and melee
   (+4).
   rC+:       It protects you from cold.
   rN+:       It protects you from negative energy.
 p - the amulet "Umeelam" {rC+ Regen+ Slay+3}
   (You acquired it on level 4 of a ziggurat)

   [amulet of regeneration]

   Slay+3:    It affects your accuracy & damage with ranged weapons and melee
   (+3).
   rC+:       It protects you from cold.
   Regen+:    It increases your rate of health regeneration.
 q - a ring of protection from fire
 s - an amulet of regeneration
 v - the ring of Peysobic {rPois rF+ rC- rN+++ MP+9}
   (You found it on level 10 of a ziggurat)

   [ring of magical power]

   rF+:       It protects you from fire.
   rC-:       It makes you vulnerable to cold.
   rPois:     It protects you from poison rN+++: It renders you almost immune to
   negative energy.
   MP+9:      It affects your magic capacity (+9).
 x - a +5 ring of evasion (left hand)
 U - the amulet of Lig Weg (around neck) {Faith Drain rElec rF++ Stlth+}
   (You bought it in a shop on level 2 of the Dungeon)

   [amulet of faith]

   Faith:     It allows you to gain divine favour quickly.
   rF++:      It greatly protects you from fire.
   rElec:     It insulates you from electricity.
   Drain:     It drains your maximum health when unequipped.
   Stlth+:    It makes you more stealthy.
Wands
 h - a wand of digging (7)
 B - a wand of paralysis (49)
 D - a wand of light (36)
Scrolls
 b - 2 scrolls of enchant armour
 c - 12 scrolls of enchant weapon
 i - a scroll of silence
 o - 9 scrolls of fear
 u - 4 scrolls of fog
 y - 9 scrolls of revelation
 z - 4 scrolls of butterflies
 A - 18 scrolls of teleportation
 C - 40 scrolls of identify
 J - a scroll of brand weapon
 L - 10 scrolls of blinking
 Q - 7 scrolls of poison
Potions
 d - 2 potions of resistance
 g - 6 potions of might
 j - 4 potions of heal wounds
 k - 5 potions of magic
 l - 13 potions of curing
 t - 11 potions of brilliance
 w - 2 potions of mutation
 F - 8 potions of cancellation
 G - 2 potions of haste
 I - 2 potions of invisibility
 O - 6 potions of ambrosia
 P - a potion of berserk rage
 S - a potion of attraction
 X - 5 potions of enlightenment
 Z - 9 potions of lignification


   Skills:
 O Level 27 Fighting
 O Level 27 Axes
 - Level 13.4(21.8) Polearms
 - Level 7.1 Ranged Weapons
 + Level 26.5 Armour
 - Level 10.9 Dodging
 - Level 1.0 Stealth
 - Level 4.1 Shields
 - Level 0.7 Evocations


You had 26 spell levels left.
You didn't know any spells.
Your spell library contained the following spells:

 Spells                   Type           Power      Damage    Failure   Level
 Kiss of Death            Conj/Necr      0%         2d5       67%         1
 Magic Dart               Conj           0%         1d3       67%         1
 Shock                    Conj/Air       0%         1d3       67%         1
 Slow                     Hex            0%         N/A       67%         1
 Sting                    Tmut/Pois      0%         1d3       67%         1
 Summon Small Mammal      Summ           0%         N/A       67%         1
 Blink                    Tloc           0%         N/A       80%         2
 Call Imp                 Summ           0%         N/A       80%         2
 Lesser Beckoning         Tloc           0%         N/A       80%         2
 Passwall                 Tmut/Erth      0%         N/A       80%         2
 Poisonous Vapours        Pois/Air       0%         N/A       80%         2
 Scorch                   Fire           0%         2d5       80%         2
 Static Discharge         Conj/Air       0%         3-3/arc   80%         2
 Wereblood                Tmut           0%         N/A       80%         2
 Call Canine Familiar     Summ           0%         N/A       95%         3
 Confusing Touch          Hex            0%         N/A       95%         3
 Frozen Ramparts          Ice            0%         1d1       95%         3
 Gell's Gravitas          Tloc           0%         N/A       95%         3
 Hailstorm                Conj/Ice       0%         3d3       95%         3
 Ignite Poison            Fire/Tmut/Pois 0%         N/A       95%         3
 Mephitic Cloud           Conj/Pois/Air  0%         N/A       95%         3
 Ozocubu's Armour         Ice            0%         N/A       95%         3
 Sigil of Binding         Hex            0%         N/A       95%         3
 Summon Guardian Golem    Hex/Summ       0%         N/A       95%         3
 Swiftness                Air            0%         N/A       95%         3
 Teleport Other           Tloc           0%         N/A       95%         3
 Tukima's Dance           Hex            0%         N/A       95%         3
 Vampiric Draining        Necr           0%         2d6       95%         3
 Volatile Blastmotes      Fire/Tloc      0%         2d10      95%         3
 Airstrike                Air            0%         2d(0-16)  100%        4
 Dispel Undead            Necr           0%         3d6       100%        4
 Flame Wave               Conj/Fire      0%         2d4       100%        4
 Fulminant Prism          Conj/Hex       0%         3d5       100%        4
 Iskenderun's Mystic Bla  Conj/Tloc      0%         2d3       100%        4
 Manifold Assault         Tloc           0%         N/A       100%        4
 Olgreb's Toxic Radiance  Pois           0%         N/A       100%        4
 Passage of Golubria      Tloc           0%         N/A       100%        4
 Petrify                  Tmut/Erth      0%         N/A       100%        4
 Sticky Flame             Conj/Fire      0%         2d3       100%        4
 Summon Ice Beast         Ice/Summ       0%         N/A       100%        4
 Summon Lightning Spire   Summ/Air       0%         N/A       100%        4
 Vhi's Electric Charge    Tloc/Air       0%         N/A       100%        4
 Alistair's Intoxication  Tmut/Pois      0%         N/A       100%        5
 Arcjolt                  Conj/Air       0%         1d10      100%        5
 Freezing Cloud           Conj/Ice/Air   0%         6-21      100%        5
 Irradiate                Conj/Tmut      0%         3d11      100%        5
 Lee's Rapid Deconstruct  Erth           0%         3d4*      100%        5
 Metabolic Englaciation   Hex/Ice        0%         N/A       100%        5
 Silence                  Hex/Air        0%         N/A       100%        5
 Summon Forest            Summ/Tloc      0%         N/A       100%        5
 Summon Mana Viper        Hex/Summ       0%         N/A       100%        5
 Yara's Violent Unravell  Hex/Tmut       0%         3d3       100%        5
 Conjure Ball Lightning   Conj/Air       0%         3x3d6     100%        6
 Death Channel            Necr           0%         N/A       100%        6
 Dispersal                Tloc           0%         N/A       100%        6
 Plasma Beam              Fire/Air       0%         2x1d10    100%        6
 Starburst                Conj/Fire      0%         6d3       100%        6
 Summon Cactus Giant      Summ           0%         N/A       100%        6
 Enfeeble                 Hex            0%         N/A       100%        7
 Haunt                    Necr/Summ      0%         N/A       100%        7
 Monstrous Menagerie      Summ           0%         N/A       100%        7
 Ozocubu's Refrigeration  Ice            0%         4d7       100%        7
 Summon Hydra             Summ           0%         N/A       100%        7
 Borgnjor's Revivificati  Necr           0%         N/A       100%        8
 Discord                  Hex            0%         N/A       100%        8
 Disjunction              Tloc           0%         N/A       100%        8
 Ignition                 Fire           0%         3d3       100%        8
 Infestation              Necr           0%         N/A       100%        8
 Lehudib's Crystal Spear  Conj/Erth      0%         10d2      100%        8
 Chain Lightning          Conj/Air       0%         N/A       100%        9
 Death's Door             Necr           0%         N/A       100%        9
 Fire Storm               Conj/Fire      0%         5d1       100%        9
 Polar Vortex             Ice            0%         N/A       100%        9
 Shatter                  Erth           0%         3d5*      100%        9
 Cigotuvi's Dreadful Rot  Necr/Pois/Air  Unusable   N/A       N/A         2
 Sublimation of Blood     Necr           Unusable   N/A       N/A         2
 Animate Dead             Necr           Unusable   N/A       N/A         4
 Simulacrum               Ice/Necr       Unusable   N/A       N/A         6

Dungeon Overview and Level Annotations

Branches:
Dungeon (15/15)            Temple (1/1) D:5            Lair (5/5) D:10
 Shoals (4/4) Lair:2       Spider (4/4) Lair:3        Slime (5/5) Lair:5
    Orc (2/2) D:11            Elf (3/3) Orc:2        Vaults (4/5) D:13
  Crypt (0/3) Vaults:3     Depths (4/4) D:15            Zot (5/5) Depths:4
  Sewer (visited)           IceCv (visited)

Altars:
Ashenzari
Cheibriados
Dithmenos
Elyvilon
Fedhas
Gozag
Hepliaklqana
Kikubaaqudgha
Makhleb
Nemelex Xobeh
Okawaru
Qazlal
Ru
Sif Muna
Trog
Uskayaw
Vehumet
Wu Jian
Xom
Yredelemnul
Zin
The Shining One
Jiyva

Shops:
D:2 =   D:7 [   D:8 (   D:11 =[!(   Orc:2 ==(?[!   Elf:2 (?*   Elf:3 [
Shoals:2 *   Shoals:3 [   Vaults:2 *   Vaults:3 =   Vaults:4 (   Depths:2 :[*!

Portals:
Hell: Depths:1 Depths:2 Depths:3 Depths:4
Abyss: Depths:1 Depths:3
Pandemonium: Depths:2 Depths:4

Annotations:
Zot:1 2 transporters, Visuc's ghost, master GrBe
Zot:3 Kyph's ghost, legendary MiBe


Innate Abilities, Weirdness & Mutations

You are immune to sickness and miasma.
Your stone body is resilient. (AC +20)
You are immune to poison.
Your large and strong wings let you fly.
You resist negative energy. (rN+)
You are resistant to electric shocks. (rElec)
You are resistant to unholy torment.
You are immune to petrification.
You have an uncontrollable temper.
You are clumsy. (Dex -2)
You are dopey. (Int -2)


Message History

The sixfirhy hits you but does no damage. x2
The sixfirhy hits you. The sixfirhy shocks you. You resist.
You slash the cacodemon! You burn the cacodemon.
The cacodemon is lightly wounded.
You open the sixfirhy like a pillowcase!!!
You burn the sixfirhy.
You kill the sixfirhy!
You chop the cacodemon into pieces!!!! You burn the cacodemon!!!
You kill the cacodemon!
No target in view!
No target in view!
An Orb Guardian comes into view.
There is an open door here.
The Orb Guardian hits you!!
The Orb Guardian hits you but does no damage.
You open the Orb Guardian like a pillowcase!!!
You burn the Orb Guardian!
The Orb Guardian is almost dead.
The Orb Guardian barely misses you.
You slice the Orb Guardian like a ripe choko!!!
You burn the Orb Guardian.
You kill the Orb Guardian!
No target in view!
No target in view!
No target in view!
Magic restored.
You reach down and open the door.
A hellwing comes into view.
There is an open door here.
There is a stone staircase leading up here.
You fly upwards.
There is a stone staircase leading down here.
A hellephant comes into view.
There is a stone staircase leading up here.
You fly upwards.
There is a stone staircase leading down here.
HP restored.
You see here a +0 mace.
There is a staircase leading out of the dungeon here.
You have escaped!

#..## ##..######.............#
##..###..#####...##..........#
#....#....##...####..........#
#..............###############
.#.........#####.....###
......###..###.........##
..#####....##.....#.....##
........##.#.....###.....#
..##......##....@# #.....##
.....#....#.....## ##.....#
.#####....#..#..# #..#..# .#
#....#(.#..# #..#..# .##
#....#.....## ##...[.# ..##
#######.....# #.....## #..#
#.....###.....# ##.#######
##...........## #.......#
##....#....##


There were no monsters in sight!

Vanquished Creatures
  the Royal Jelly (Slime:5)
  2 dread liches (Zot:5)
  4 ancient liches (Zot:5)
  2 orbs of fire
  Mennas (Vaults:3)
  3 juggernauts
  2 Killer Klowns (Zot:5)
  Margery (Depths:4)
  3 shard shrikes
  Xtahua (Vaults:4)
  2 curse toes
  4 caustic shrikes
  Nikola (Spider:3)
  6 golden dragons
  3 electric golems
  A Brimstone Fiend (Zot:3)
  A bone dragon (Depths:4)
  Arachne (Spider:4)
  A hellephant (Zot:4)
  3 iron giants (Depths:2)
  15 tentacled monstrosities
  24 Orb Guardians
  Jorgrun (Orc:2)
  A lich (Depths:1)
  A walking earthen tome (Depths:3)
  A quicksilver dragon (Zot:4)
  7 sphinxes
  12 titans
  2 deep elf blademasters (Elf:3)
  9 acid blobs
  4 deep elf master archers (Elf:3)
  2 Executioners
  A kraken (Shoals:2)
  8 death cobs
  Agnes (Spider:1)
  Kirke (Shoals:3)
  4 tengu reavers
  5 draconian monks
  16 storm dragons
  4 shadow dragons
  Donald (Spider:2)
  Aizul (Elf:2)
  2 fenstrider witches (Zig:10)
  8 azure jellies
  14 frost giants
  An occultist (Depths:2)
  Ilsuiw (Shoals:3)
  Roxanne (Shoals:1)
  12 fire giants
  3 draconian knights
  The ghost of nitefall the Warrior, a journeyman MiBe of Trog (D:13)
  3 deep elf sorcerers (Elf:3)
  10 rockslimes
  6 draconian scorchers
  4 iron dragons (Depths:1)
  Louise (D:15)
  7 emperor scorpions
  2 angels (Depths:1)
  5 deep elf elementalists (Elf:3)
  12 vault wardens
  11 ghost moths
  2 balrugs
  7 draconian stormcallers
  The ghost of Aquy the Severer, a journeyman MiFi of Yredelemnul (Orc:1)
  2 cacodemons
  5 draconian shifters
  26 ironbound preservers
  2 reapers
  A broodmother (shapeshifter) (Depths:3)
  2 spriggan defenders (Depths:3)
  12 quicksilver oozes
  3 draconian annihilators
  10 very ugly things
  9 formless jellyfish
  3 war gargoyles
  5 broodmothers
  12 stone giants
  5 orc warlords
  6 green draconians
  8 ironbound thunderhulks
  5 vampire knights
  4 deep elf annihilators (Elf:3)
  6 deep elf demonologists
  9 purple draconians
  10 black draconians
  8 yellow draconians
  3 dire elephants
  2 eleionomae (Zig:10)
  A lorocyproca (Depths:4)
  5 red draconians
  A bunyip (Zig:10)
  4 spark wasps
  15 white draconians
  A minotaur (shapeshifter) (Depths:3)
  Snorg (D:13)
  6 ettins
  5 fire dragons
  4 deep elf death magi
  6 deep elf high priests
  7 merfolk javelineers
  6 entropy weavers
  A crystal guardian (Vaults:2)
  A shambling mangrove (Zig:10)
  16 merfolk impalers
  7 ice dragons
  15 vault guards
  9 yaktaur captains
  2 hydras
  2 ogre magi
  8 great orbs of eyes
  A jorogumo (shapeshifter) (Elf:1)
  3 jorogumos
  7 merfolk avatars
  5 rakshasas
  4 peacekeepers
  4 boulder beetles
  2 ghost crabs (Zig:10)
  19 centaur warriors
  9 ironbound frosthearts
  5 merfolk aquamancers
  3 alligators
  2 radroaches (Spider:3)
  5 satyrs
  3 spriggan air magi
  15 two-headed ogres
  31 dancing weapons
  4 deep troll earth magi
  7 deep troll shamans
  13 demonic crawlers
  5 orc high priests
  Urug (D:10)
  4 tengu warriors
  12 spriggan berserkers
  A vampire mage (D:12)
  21 hell knights
  A shock serpent (Zig:3)
  A sun demon (Depths:2)
  15 deep elf knights
  A naga sharpshooter (Zig:3)
  2 skysharks (shapeshifter)
  7 skysharks
  4 iron trolls
  A salamander mystic (Depths:2)
  A skeletal warrior (Vaults:3)
  A goliath frog (Zig:10)
  3 sixfirhies
  Amaemon (D:10)
  A wretched star (Zig:1)
  A sun moth (Spider:3)
  10 pharaoh ants
  17 orb spiders
  11 sea snakes
  A spriggan druid (Zig:10)
  An obsidian statue (Zig:7)
  84 deep trolls
  11 arcanists
  4 glowing orange brains
  20 ironbound convokers
  A bog body (Zig:10)
  12 deep elf archers
  10 necromancers
  Pikel (D:5)
  31 deep elf zephyrmancers
  10 steelbarb worms
  9 lindwurms
  29 harpies
  3 phantasmal warriors
  A shadow dragon zombie (Vaults:3)
  2 orange crystal statues (Zig:7)
  11 orc knights
  34 deep elf pyromancers
  38 ugly things
  18 wolf spiders
  9 shining eyes
  4 salamanders (Depths:2)
  6 orc sorcerers
  13 manticores
  2 kobold blastminers (Orc:1)
  4 cyclopes
  10 fauns
  An elephant (shapeshifter) (D:13)
  18 moths of wrath
  11 elephants
  9 black mambas
  20 vault sentinels
  A guardian serpent (Zig:3)
  4 rust devils (Depths:1)
  An apocalypse crab (Zig:4)
  10 merfolk sirens
  3 ice statues
  7 water nymphs
  An eye of devastation (shapeshifter) (Zig:4)
  A smoke demon (Depths:2)
  9 torpor snails
  A stone giant skeleton (Vaults:3)
  An orange demon (D:10)
  A gargoyle (D:11)
  9 cane toads
  3 eyes of devastation
  3 large abominations (D:4)
  A hellion (Zig:2)
  An unseen horror (D:12)
  2 elf skeletons (Vaults:3)
  14 komodo dragons
  14 yaktaurs
  2 kobold demonologists (D:13)
  2 freezing wraiths
  6 ice devils (IceCv)
  2 tengu conjurers
  A tormentor (Zig:2)
  10 trolls
  A meliai (shapeshifter) (D:13)
  17 merfolk
  5 polar bears
  3 meliai (Spider:2)
  6 tyrant leeches
  12 wind drakes
  A queen bee (Spider:2)
  16 hornets
  8 blink frogs
  3 snapping turtles
  32 tarantellas
  A raiju (Zig:1)
  4 glass eyes
  A fire giant simulacrum (Vaults:3)
  2 raiju (shapeshifter)
  78 slime creatures
  10 dream sheep
  45 jumping spiders
  14 air elementals
  9 spriggans
  18 culicivoras
  7 vampires (D:12)
  A shadow (D:12)
  Sigmund (D:6)
  42 water elementals
  58 yaks
  3 wraiths
  4 golden eyes
  7 wyverns
  4 hogs (Shoals:3)
  A spectral kobold (Orc:1)
  18 humans (D:13)
  6 basilisks
  2 chaos spawn
  11 vampire mosquitoes
  A fire bat (shapeshifter) (Elf:3)
  A steam dragon (D:8)
  72 redbacks
  A death yak simulacrum (IceCv)
  4 wargs
  2 hydra simulacra (Zot:4)
  A hell hound (Spider:1)
  An acid dragon (D:13)
  17 water moccasins
  2 ice beasts (D:7)
  39 orc warriors
  A sky beast (D:6)
  5 black bears
  A tengu (shapeshifter) (D:15)
  8 ogres
  4 boggarts
  13 wolves
  11 centaurs
  3 kobold brigands
  2 lemures (D:5)
  7 earth elementals
  18 bullfrogs
  6 scorpions
  3 two-headed ogre simulacra (IceCv)
  4 cane toad simulacra (IceCv)
  12 wights
  22 killer bees
  An elephant simulacrum (IceCv)
  A howler monkey (D:9)
  13 electric eels
  A centaur zombie (D:4)
  A jelly (shapeshifter) (Elf:2)
  44 orc priests
  3 hounds
  Crazy Yiuf (D:4)
  3 gnoll boudas
  15 jellies
  A scorpion zombie (D:4)
  An iguana (D:14)
  2 hell rats (D:14)
  40 orc wizards
  3 sleepcaps
  A spectral orc (Orc:1)
  2 polar bear simulacra (IceCv)
  3 spriggan simulacra (IceCv)
  A troll simulacrum (IceCv)
  A wolf simulacrum (IceCv)
  14 gnolls
  19 adders
  3 naga simulacra (IceCv)
  An ogre simulacrum (Orc:1)
  7 river rats
  5 shadow imps
  6 white imps
  3 ufetubi
  An orc simulacrum (Orc:1)
  2 adder zombies (D:4)
  4 worms
  5 dart slugs
  72 orcs
  An orc (shapeshifter) (Elf:1)
  5 bats
  9 endoplasms
  11 giant cockroaches
  12 goblins
  7 hobgoblins
  3 quokkas
  A ball python (shapeshifter) (Elf:2)
  17 ball pythons
  12 frilled lizards
  A goblin (shapeshifter) (Depths:3)
  16 kobolds
  12 rats
  A spectral weapon (Elf:3)
  4 tentacles (Shoals:2)
2475 creatures vanquished.

Vanquished Creatures (others)
  A purple draconian (Zot:4)
  A goliath frog (Zig:10)
  A deep elf pyromancer (Elf:3)
  A wind drake (Shoals:2)
  4 jumping spiders (Spider:3)
  A culicivora (Spider:3)
  A spectral orc (Orc:1)
  An orc (Orc:2)
  A butterfly (Depths:3)
12 creatures vanquished.

Grand Total: 2487 creatures vanquished

Notes
Turn   | Place    | Note
-------+----------+-------------------------------------------
     0 | D:1      | zdzicho121 the Gargoyle Fighter began the quest for the
                  | Orb.
     0 | D:1      | Reached XP level 1. HP: 14/14 MP: 1/1
   150 | D:1      | Reached XP level 2. HP: 19/19 MP: 2/2
   327 | D:1      | Reached XP level 3. HP: 23/23 MP: 3/3
   509 | D:1      | Found a faded altar of an unknown god.
   719 | D:2      | Found a bloodstained altar of Trog.
   781 | D:2      | Reached XP level 4. HP: 24/29 MP: 4/4
  1145 | D:2      | Found Innuzixu's Jewellery Emporium.
  1311 | D:3      | Reached XP level 5. HP: 30/33 MP: 5/5
  2051 | D:4      | Noticed a black bear
  2063 | D:4      | Killed a black bear
  2064 | D:4      | Reached XP level 6. HP: 6/38 MP: 6/6
  2206 | D:4      | Found a basalt altar of Yredelemnul.
  2370 | D:4      | Reached XP level 7. HP: 34/44 MP: 7/7
  2416 | D:4      | Found an ornate altar of the Wu Jian Council.
  2445 | D:4      | Found an ancient bone altar of Kikubaaqudgha.
  2547 | D:4      | Reached skill level 5 in Axes
  2711 | D:4      | Found a shimmering altar of Xom.
  2816 | D:4      | Found a runed translucent door.
  2817 | D:4      | Noticed Crazy Yiuf
  2978 | D:5      | Entered Level 5 of the Dungeon
  2998 | D:5      | Found a transporter.
  2998 | D:5      | Found a transporter.
  3171 | D:5      | Noticed a yak
  3174 | D:5      | Noticed a yak
  3176 | D:5      | Noticed a yak
  3182 | D:5      | Killed a yak
  3183 | D:5      | Reached skill level 5 in Fighting
  3185 | D:5      | Killed a yak
  3186 | D:5      | Reached XP level 8. HP: 31/49 MP: 8/8
  3191 | D:5      | Killed a yak
  3247 | D:5      | Found a glowing drain.
  3264 | Sewer    | Entered a sewer
  3741 | Sewer    | Gained mutation: You expend magic power (3 MP) to
                  | strengthen your wands. [potion of mutation]
  3741 | Sewer    | Gained mutation: You occasionally lose the ability to drink
                  | potions when taking damage. [potion of mutation]
  3836 | D:5      | Found a staircase to the Ecumenical Temple.
  3845 | Temple   | Entered the Ecumenical Temple
  3852 | Temple   | Became a worshipper of Gozag Ym Sagoz the Greedy
  4053 | D:5      | Reached skill level 1 in Stealth
  4411 | D:6      | Reached XP level 9. HP: 55/55 MP: 9/9
  4448 | D:6      | Found a burning altar of Makhleb.
  4639 | D:6      | Noticed Sigmund
  4661 | D:6      | Killed Sigmund
  4737 | D:6      | Noticed Pikel
  4924 | D:5      | Killed Pikel
  4925 | D:5      | Reached skill level 10 in Axes
  5466 | D:6      | Reached XP level 10. HP: 27/63 MP: 10/10
  6185 | D:7      | Found a snail-covered altar of Cheibriados.
  6193 | D:7      | Found a bloodstained altar of Trog.
  6296 | D:7      | Found Lesenamo's Antique Armour Emporium.
  6300 | D:7      | Bought a shiny helmet for 157 gold pieces
  6300 | D:7      | Bought a shiny plate armour for 546 gold pieces
  6663 | D:8      | Identified the +1 robe of Idealism {Rampage rC++ rCorr
                  | Str+3}
  6699 | D:8      | Found Rososafa's Hydra Hut.
  6700 | D:8      | Noticed a five-headed hydra
  7385 | D:9      | Noticed a two-headed ogre
  7395 | D:9      | Killed a two-headed ogre
  7424 | D:9      | Reached XP level 11. HP: 70/71 MP: 11/11
  8026 | D:9      | Found a sacrificial altar of Ru.
  8064 | D:10     | Entered Level 10 of the Dungeon
  8065 | D:10     | Noticed a manticore
  8066 | D:10     | Found a staircase to the Lair.
  8286 | D:10     | Killed a manticore
  8318 | D:10     | Reached skill level 10 in Fighting
  8424 | D:10     | Noticed Amaemon
  8491 | D:10     | Killed Amaemon
  8589 | D:10     | Noticed a two-headed ogre
  8598 | D:10     | Killed a two-headed ogre
  8899 | D:10     | Noticed Urug
  8913 | D:10     | Killed Urug
  9199 | D:10     | Found a glowing silver altar of Zin.
  9199 | D:10     | Noticed an angel
  9256 | D:8      | Bought a +2 halberd of flaming for 211 gold pieces
  9318 | Lair:1   | Entered Level 1 of the Lair of Beasts
  9406 | Lair:1   | Reached XP level 12. HP: 49/79 MP: 12/12
 10112 | Lair:1   | Reached skill level 15 in Axes
 10933 | Lair:2   | Found a frozen archway.
 10941 | IceCv    | Entered an ice cave
 11214 | IceCv    | Noticed a reaper
 11251 | IceCv    | Reached skill level 1 in Polearms
 11463 | IceCv    | Killed a reaper
 11464 | IceCv    | Reached XP level 13. HP: 50/86 MP: 13/13
 12131 | Lair:2   | Reached skill level 5 in Polearms
 12414 | Lair:2   | Found a staircase to the Shoals.
 13265 | Lair:3   | You fall into a shaft and drop 1 floor!
 13778 | Lair:3   | Reached skill level 5 in Armour
 14295 | Lair:3   | Found a hole to the Spider Nest.
 14305 | Lair:3   | HP: 4/88 [disintegration (44)]
 15462 | Lair:5   | Entered Level 5 of the Lair of Beasts
 15469 | Lair:5   | Identified the +1 dagger "Qoumi" {venom, Fly rCorr Str+2
                  | Int+3 Dex-4}
 16153 | Lair:5   | Found a staircase to the Slime Pits.
 16153 | Lair:5   | Found a viscous altar of Jiyva.
 16291 | Lair:5   | Gained mutation: Your large and strong wings let you fly.
                  | [Gargoyle growth]
 16291 | Lair:5   | Reached XP level 14. HP: 87/94 MP: 14/14
 16979 | Lair:5   | Found a runed translucent door.
 17108 | Lair:5   | Reached skill level 10 in Polearms
 18525 | D:11     | Found Qycol's Antique Armour Emporium.
 18539 | D:11     | Bought a fine kite shield for 304 gold pieces
 18539 | D:11     | Identified the +0 kite shield of the Sharp Platytaur {rN+
                  | Will+} (You bought it in a shop on level 11 of the Dungeon)
 18686 | D:11     | Found Zeosk's Distillery.
 19021 | D:11     | Bought a potion of heal wounds for 70 gold pieces
 19021 | D:11     | Bought a potion of haste for 140 gold pieces
 19066 | D:11     | Found a staircase to the Orcish Mines.
 19201 | D:11     | Found Gattilu's Weapon Boutique.
 19703 | D:11     | Found Rew Ruma's Jewellery Shop.
 19792 | Orc:1    | Entered Level 1 of the Orcish Mines
 20265 | Orc:1    | Found a runed translucent gate.
 20375 | Orc:1    | Noticed an orc warlord
 20411 | Orc:1    | Killed an orc warlord
 20558 | Orc:1    | Found a runed translucent gate.
 20558 | Orc:1    | Found a runed translucent gate.
 20604 | Orc:1    | Noticed Aquy's ghost (journeyman MiFi)
 20825 | Orc:2    | Entered Level 2 of the Orcish Mines
 20895 | Orc:2    | Noticed Jorgrun
 20915 | Orc:2    | Killed Jorgrun
 22002 | Orc:2    | Paralysed by an orc sorcerer for 2 turns
 22008 | Orc:2    | Reached XP level 15. HP: 101/101 MP: 15/15
 22080 | Orc:2    | Noticed an orc warlord
 22299 | Orc:2    | Paralysed by an orc sorcerer for 3 turns
 22425 | Orc:2    | Found Noheulin's Weapon Shoppe.
 22429 | Orc:2    | Found Jaov's Magic Scroll Shoppe.
 22430 | Orc:2    | Found Gad Asin's Jewellery Emporium.
 22471 | Orc:2    | Found Nyrorhyd's Jewellery Emporium.
 22775 | Orc:2    | Found a staircase to the Elven Halls.
 22803 | Orc:2    | Found a bloodstained altar of Trog.
 22964 | Orc:1    | Killed an orc warlord
 23603 | Orc:2    | Bought a potion of resistance for 130 gold pieces
 24096 | D:12     | Found a shadowy altar of Dithmenos.
 24136 | D:12     | Got Rariaw's Exposition on Teratogeny
 24863 | D:13     | Found a runed translucent gate.
 24863 | D:13     | Found a runed translucent gate.
 24863 | D:13     | Found a runed translucent gate.
 25072 | D:13     | Noticed Snorg
 25080 | D:13     | Killed Snorg
 25735 | D:13     | Reached skill level 15 in Fighting
 25881 | D:13     | Found a gate to the Vaults.
 26024 | D:13     | Noticed nitefall's ghost (journeyman MiBe)
 26368 | D:2      | Bought the amulet of Lig Weg {Faith Drain rElec rF++
                  | Stlth+} for 893 gold pieces
 26588 | Elf:1    | Entered Level 1 of the Elven Halls
 26654 | Elf:1    | Found a flickering gateway to a bazaar.
 26743 | Elf:1    | Paralysed by an air elemental for 1 turns
 26757 | Elf:1    | Paralysed by an air elemental for 1 turns
 26838 | Bazaar   | Entered a bazaar
 27035 | Bazaar   | Found Ano Kogg's Jewellery Emporium.
 27051 | Bazaar   | Found Xiraep's Antique Weapon Shoppe.
 27051 | Bazaar   | Found Huoseaxuss's Book Emporium.
 27122 | Bazaar   | Bought a ring of see invisible for 225 gold pieces
 27136 | Bazaar   | Bought a dazzling war axe for 229 gold pieces
 27136 | Bazaar   | Identified the +6 war axe of Cocytus {flame, SInv Stlth+}
                  | (You bought it in a shop in a bazaar)
 27678 | Elf:1    | Reached skill level 10 in Armour
 28114 | Elf:1    | Reached XP level 16. HP: 105/110 MP: 16/16
 28373 | Elf:1    | Paralysed by an air elemental for 1 turns
 28668 | Elf:1    | Paralysed by an air elemental for 1 turns
 29080 | Shoals:1 | Entered Level 1 of the Shoals
 29631 | Shoals:1 | Noticed Roxanne
 29667 | Shoals:1 | Killed Roxanne
 31918 | Shoals:2 | Noticed a kraken
 31926 | Shoals:2 | Killed a kraken
 32119 | Shoals:2 | Found Gariwow's Assorted Antiques.
 32127 | Shoals:2 | Bought a potion of might for 64 gold pieces
 32353 | Shoals:3 | Reached XP level 17. HP: 120/120 MP: 17/17
 32384 | Shoals:3 | Found Defrutui's Antique Armour Emporium.
 32648 | Shoals:3 | Noticed Ilsuiw
 32678 | Shoals:3 | Killed Ilsuiw
 33246 | Shoals:3 | Noticed Kirke
 33263 | Shoals:3 | Killed Kirke
 33634 | Shoals:4 | Entered Level 4 of the Shoals
 33634 | Shoals:4 | Found an opulent altar of Gozag.
 33694 | Shoals:4 | Paralysed by an air elemental for 1 turns
 34255 | Shoals:4 | Identified the ring "Neemoix" {rC+ Str+6}
 34266 | Shoals:4 | Noticed a titan
 34284 | Shoals:4 | Killed a titan
 34475 | Shoals:4 | Got a barnacled rune of Zot
 34877 | Shoals:4 | Paralysed by an air elemental for 1 turns
 34898 | Shoals:4 | Paralysed by an air elemental for 1 turns
 35163 | Shoals:4 | Paralysed by an air elemental for 1 turns
 35282 | Shoals:4 | Paralysed by an air elemental for 1 turns
 35306 | Shoals:4 | Paralysed by an air elemental for 1 turns
 35635 | Shoals:4 | Paralysed by an air elemental for 1 turns
 35638 | Shoals:4 | Paralysed by an air elemental for 1 turns
 36509 | D:14     | Reached XP level 18. HP: 118/131 MP: 18/18
 36511 | D:14     | Reached skill level 15 in Armour
 37119 | D:15     | Entered Level 15 of the Dungeon
 37170 | D:15     | Found a staircase to the Depths.
 37441 | D:15     | Noticed Louise
 37456 | D:15     | Killed Louise
 38515 | Elf:2    | Found Piudaf's General Store.
 38658 | Elf:2    | Found Mongyvvo's Magic Scroll Shop.
 38664 | Elf:2    | Bought a scroll of blinking for 97 gold pieces
 38664 | Elf:2    | Bought a scroll of enchant weapon for 97 gold pieces
 38664 | Elf:2    | Bought a scroll of enchant armour for 97 gold pieces
 38981 | Elf:2    | Found Qiol's Antique Weapon Emporium.
 39215 | Elf:2    | Bought a bone battleaxe for 287 gold pieces
 39215 | Elf:2    | Identified the +9 battleaxe of Zin's Grace {flame, rF-
                  | Int+7 Stlth+} (You bought it in a shop on level 2 of the
                  | Elven Halls)
 39335 | Elf:2    | Found a runed translucent gate.
 39336 | Elf:2    | Found a runed translucent gate.
 39336 | Elf:2    | Found a runed translucent gate.
 40344 | Orc:2    | Bought a +3 shortbow for 260 gold pieces
 40537 | Spider:1 | Entered Level 1 of the Spider Nest
 40552 | Spider:1 | Reached skill level 1 in Ranged Weapons
 40804 | Spider:1 | Reached XP level 19. HP: 138/138 MP: 19/19
 41290 | Spider:1 | Reached skill level 5 in Ranged Weapons
 41683 | Spider:1 | Noticed Agnes
 41697 | Spider:1 | Killed Agnes
 42204 | Spider:2 | Noticed Donald
 42411 | Spider:2 | Killed Donald
 42662 | Spider:2 | Identified the +6 hand axe of the Charmed God {freeze,
                  | rCorr}
 43710 | Spider:3 | Noticed Nikola
 43742 | Spider:3 | Killed Nikola
 44108 | Spider:4 | Entered Level 4 of the Spider Nest
 44110 | Spider:4 | Noticed Arachne
 44172 | Spider:4 | Killed Arachne
 45051 | Spider:4 | Reached XP level 20. HP: 125/145 MP: 0/20
 45124 | Spider:3 | HP: 2/145 [wolf spider (11)]
 46078 | Spider:4 | Got a gossamer rune of Zot
 46320 | Spider:4 | Identified the +7 falchion of Jedid {vamp, Str+4 Dex+3}
 46388 | Spider:4 | Found a hide-covered altar of Uskayaw.
 46778 | Depths:1 | Entered Level 1 of the Depths
 46788 | Depths:1 | Got the Collected Works on the Coals
 47218 | Vaults:1 | Entered Level 1 of the Vaults
 47804 | Vaults:1 | Reached skill level 1 in Dodging
 48021 | Vaults:1 | Reached skill level 5 in Dodging
 48702 | Vaults:1 | Reached skill level 10 in Dodging
 48904 | Vaults:1 | Reached XP level 21. HP: 70/152 MP: 21/21
 49552 | Vaults:1 | Paralysed by a sphinx for 4 turns
 50372 | Vaults:2 | Found Dilam's Assorted Antiques.
 50386 | Vaults:2 | Bought a scroll of enchant armour for 262 gold pieces
 51936 | Vaults:3 | Found a staircase to the Crypt.
 52113 | Vaults:3 | Noticed Mennas
 52149 | Vaults:3 | Killed Mennas
 52417 | Vaults:3 | Identified the +5 dire flail "Goblinbane" {freeze, rN++
                  | Dex+5}
 52477 | Vaults:3 | Reached XP level 22. HP: 145/158 MP: 22/22
 53054 | Vaults:3 | Found Idyem's Jewellery Shoppe.
 54436 | Vaults:4 | Found Vakestus's Antique Weapon Boutique.
 54889 | Vaults:4 | Noticed Xtahua
 54906 | Vaults:4 | Killed Xtahua
 55878 | D:4      | Killed Crazy Yiuf
 56195 | D:13     | Killed nitefall's ghost
 56217 | D:13     | Got the Compendium of the Oath
 56397 | Orc:1    | Killed Aquy's ghost
 56576 | Elf:3    | Entered Level 3 of the Elven Halls
 56734 | Elf:3    | Identified the serpent talisman of Qimet {Str+3}
 56734 | Elf:3    | Noticed Aizul
 56914 | Elf:2    | Killed Aizul
 57409 | Elf:3    | Reached XP level 23. HP: 168/168 MP: 23/23
 57470 | Elf:3    | Found Haruhulo's Armour Shop.
 58013 | Elf:3    | Identified the +7 hand axe "Zusuat" {spect, *Slow Fly
                  | rElec}
 58013 | Elf:3    | Identified the ring of Secrets {rC+ rN+ Slay+4}
 58198 | Elf:3    | Identified the +1 scimitar of the Sky {flame, rPois rF+ rC+
                  | Int+2}
 58198 | Elf:3    | Identified the amulet of Bucigupt {Acrobat Int+3 Dex+2}
 58224 | Elf:3    | Identified the +6 scale mail "Dileomnala" {rElec rF+ Int+3}
 58624 | Elf:3    | Got Cev Vilietoq's Exposition on Nephomancy
 58749 | Elf:3    | Identified the staff of Slow Death {rPois rF+ Will- Str+4
                  | Poison}
 59133 | Slime:1  | Entered Level 1 of the Pits of Slime
 59295 | Slime:5  | Entered Level 5 of the Pits of Slime
 59305 | Slime:5  | Gained mutation: You are weak. (Str -2) [a shining eye]
 59307 | Slime:5  | Gained mutation: You have hidden genetic defects. [a
                  | shining eye]
 59327 | Slime:5  | Gained mutation: You are frail. (-10% HP) [a shining eye]
 59328 | Slime:5  | Gained mutation: You are occasionally teleported next to
                  | monsters. [a shining eye]
 59330 | Slime:5  | Gained mutation: You are clumsy. (Dex -2) [a shining eye]
 59331 | Slime:5  | Gained mutation: Armour fits poorly on your strangely
                  | shaped body. [a shining eye]
 59415 | Slime:4  | HP: 5/155 [disintegration (26)]
 59420 | Slime:4  | Gained mutation: Your body sometimes deteriorates upon
                  | taking damage. [a shining eye]
 59428 | Slime:4  | Gained mutation: You sometimes lose the ability to drink
                  | potions when taking damage. [a shining eye]
 59429 | Slime:4  | Gained mutation: You do not regenerate when monsters are
                  | visible. [a shining eye]
 60012 | Slime:5  | Found a viscous altar of Jiyva.
 60052 | Slime:5  | Gained mutation: You are very frail. (-20% HP) [hidden
                  | defects]
 60087 | Slime:5  | Noticed the Royal Jelly
 60106 | Slime:5  | Killed the Royal Jelly
 60559 | Slime:5  | Got the Guide on the Weathered Blaze
 60567 | Slime:5  | Lost mutation: You are weak. (Str -2) [potion of mutation]
 60567 | Slime:5  | Lost mutation: You are very frail. (-20% HP) [potion of
                  | mutation]
 60567 | Slime:5  | Lost mutation: You are clumsy. (Dex -2) [potion of
                  | mutation]
 60567 | Slime:5  | Gained mutation: You are partially covered in iridescent
                  | scales. (AC +2) [potion of mutation]
 60568 | Slime:5  | Lost mutation: You expend magic power (3 MP) to strengthen
                  | your wands. [potion of mutation]
 60568 | Slime:5  | Lost mutation: Your body sometimes deteriorates upon taking
                  | damage. [potion of mutation]
 60568 | Slime:5  | Gained mutation: You are dopey. (Int -2) [potion of
                  | mutation]
 60568 | Slime:5  | Gained mutation: You occasionally lose the ability to read
                  | scrolls when taking damage. [potion of mutation]
 60569 | Slime:5  | Lost mutation: You are occasionally teleported next to
                  | monsters. [potion of mutation]
 60569 | Slime:5  | Lost mutation: You sometimes lose the ability to drink
                  | potions when taking damage. [potion of mutation]
 60569 | Slime:5  | Lost mutation: You are dopey. (Int -2) [potion of mutation]
 60569 | Slime:5  | Lost mutation: You have hidden genetic defects. [potion of
                  | mutation]
 60570 | Slime:5  | Lost mutation: You are partially covered in iridescent
                  | scales. (AC +2) [potion of mutation]
 60570 | Slime:5  | Lost mutation: You are frail. (-10% HP) [potion of
                  | mutation]
 60570 | Slime:5  | Gained mutation: Your magical capacity is low. (-10% MP)
                  | [potion of mutation]
 60570 | Slime:5  | Gained mutation: Your flesh is heat resistant. (rF+)
                  | [potion of mutation]
 60570 | Slime:5  | Gained mutation: You are somewhat resistant to further
                  | mutation. [potion of mutation]
 60571 | Slime:5  | Lost mutation: You do not regenerate when monsters are
                  | visible. [potion of mutation]
 60571 | Slime:5  | Lost mutation: You are somewhat resistant to further
                  | mutation. [potion of mutation]
 60571 | Slime:5  | Lost mutation: You occasionally lose the ability to read
                  | scrolls when taking damage. [potion of mutation]
 60571 | Slime:5  | Gained mutation: Your magical capacity is very low. (-20%
                  | MP) [potion of mutation]
 60572 | Slime:5  | Lost mutation: You occasionally lose the ability to drink
                  | potions when taking damage. [potion of mutation]
 60572 | Slime:5  | Lost mutation: Your magical capacity is very low. (-20% MP)
                  | [potion of mutation]
 60572 | Slime:5  | Lost mutation: Your magical capacity is low. (-10% MP)
                  | [potion of mutation]
 60572 | Slime:5  | Gained mutation: You are agile. (Dex +4, Str/Int -1)
                  | [potion of mutation]
 60572 | Slime:5  | Lost mutation: Your flesh is heat resistant. (rF+) [potion
                  | of mutation]
 60573 | Slime:5  | Lost mutation: Armour fits poorly on your strangely shaped
                  | body. [potion of mutation]
 60573 | Slime:5  | Lost mutation: You are agile. (Dex +4, Str/Int -1) [potion
                  | of mutation]
 60573 | Slime:5  | Gained mutation: You are dopey. (Int -2) [potion of
                  | mutation]
 60685 | Slime:5  | Identified the +1 helmet of Ignis's Inspiration {MP+9
                  | Str+5}
 60687 | Slime:5  | Got a slimy rune of Zot
 60692 | Slime:5  | Got the Almanac of Exothermic Transfiguration
 60719 | Slime:5  | Identified the ring "Puas" {rN+ Str+6}
 60721 | Slime:5  | Identified the +2 mace "Fycwihat" {drain, rC+}
 60722 | Slime:5  | Identified the +1 rapier "Zitrah" {protect, +Blink Int+3}
 61415 | Depths:1 | Found a one-way gateway to a ziggurat.
 61433 | Depths:1 | Reached skill level 27 in Fighting
 61550 | Depths:1 | Found a gateway to Hell.
 61911 | Depths:1 | Reached XP level 24. HP: 132/181 MP: 23/23
 62050 | Depths:1 | Found a one-way gate to the infinite horrors of the Abyss.
 62462 | Depths:1 | Identified the amulet of Joy {Faith -Cast rPois rN++}
 62677 | Depths:2 | Noticed a caustic shrike
 62685 | Depths:2 | Noticed a caustic shrike
 62686 | Depths:2 | Noticed a caustic shrike
 62686 | Depths:2 | Noticed a caustic shrike
 62702 | Depths:2 | Killed a caustic shrike
 62706 | Depths:1 | Killed a caustic shrike
 62713 | Depths:1 | Killed a caustic shrike
 62912 | Depths:2 | Killed a caustic shrike
 63160 | Depths:2 | Found Wyxte's Book Emporium.
 63256 | Depths:2 | Found a one-way gate leading to the halls of Pandemonium.
 63439 | Depths:2 | Found a runed translucent door.
 63460 | Depths:2 | Found a broken altar of Ashenzari.
 64630 | Depths:2 | Identified the ring of the Sun {Ice rN++ rCorr Str-2
                  | Stlth+}
 64798 | Depths:2 | Found a runed translucent door.
 64798 | Depths:2 | Noticed a shard shrike
 64798 | Depths:2 | Noticed a shard shrike
 64818 | Depths:2 | Killed a shard shrike
 64832 | Depths:2 | Killed a shard shrike
 65312 | Depths:2 | Identified the +1 pair of gloves of Wrong Decisions {rC+
                  | Int+3}
 65521 | Depths:2 | Got the Parchment of Sparks
 65523 | Depths:2 | Got the Discursus on Terrain
 65525 | Depths:2 | Got the Excursus on Cold
 65527 | Depths:2 | Got the Elucidation of Nephomancy
 65545 | Depths:2 | Bought a notched iron ring for 155 gold pieces
 65549 | Depths:2 | Bought a potion of haste for 230 gold pieces
 65549 | Depths:2 | Bought a potion of might for 92 gold pieces
 66216 | Depths:3 | Found a white marble altar of Elyvilon.
 66462 | Depths:3 | Identified the +5 dagger of Uqiubozi {elec, rC+ Dex+3
                  | Stlth+}
 66462 | Depths:3 | Identified the +4 robe of Darkness {Rampage *Corrode Str+3}
 66462 | Depths:3 | Identified the ring of Youthful Indiscretion {Ice rPois
                  | Slay+2}
 66930 | Depths:3 | Identified the +1 pair of boots "Qyshod" {Will++ rCorr}
 67098 | Depths:3 | Reached XP level 25. HP: 187/187 MP: 23/23
 67125 | Depths:3 | Noticed a juggernaut
 67136 | Depths:3 | Killed a juggernaut
 67660 | Zig:1    | Entered Level 1 of a ziggurat
 67683 | Zig:2    | Entered Level 2 of a ziggurat
 67852 | Zig:3    | Entered Level 3 of a ziggurat
 67903 | Zig:4    | Entered Level 4 of a ziggurat
 67947 | Zig:4    | Identified 2 scrolls of acquirement
 67948 | Zig:4    | Acquired the amulet "Umeelam" {rC+ Regen+ Slay+3}
 67964 | Zig:4    | Acquired 379 gold pieces
 67985 | Zig:5    | Entered Level 5 of a ziggurat
 68137 | Zig:6    | Entered Level 6 of a ziggurat
 68171 | Zig:6    | Identified the staff of the Nexus {rElec rPois MP+9 Dex-3
                  | Air}
 68181 | Zig:6    | Identified the +8 mace "Impbane" {holy, Will++ Int+2}
 68301 | Zig:7    | Entered Level 7 of a ziggurat
 68311 | Zig:7    | Gained mutation: You sometimes lose your temper in combat.
                  | [a shining eye]
 68312 | Zig:7    | Gained mutation: You are agile. (Dex +4, Str/Int -1) [a
                  | shining eye]
 68328 | Zig:7    | Lost mutation: You are agile. (Dex +4, Str/Int -1) [a
                  | shining eye]
 68492 | Zig:7    | Identified the +0 robe of Vexation {Regen+}
 68525 | Zig:8    | Entered Level 8 of a ziggurat
 68580 | Zig:8    | Identified the +1 robe of Nag Bea {Fly rC+ Int+5}
 68767 | Zig:9    | Entered Level 9 of a ziggurat
 68830 | Zig:9    | Identified the +3 pair of boots "Plog" {Dex+8 Stlth-}
 69004 | Zig:10   | Entered Level 10 of a ziggurat
 69177 | Zig:10   | Found the +2 hood of the Assassin {Detect Stab+ Stlth++}
 69382 | Zig:10   | Identified the ring of Peysobic {rPois rF+ rC- rN+++ MP+9}
 69391 | Zig:10   | Identified the +4 demon trident of the Loving Whale {pain,
                  | rF- rCorr Str+3 Int+8}
 69406 | Zig:10   | Reached XP level 26. HP: 193/193 MP: 23/23
 69499 | Depths:4 | Entered Level 4 of the Depths
 69613 | Depths:4 | Noticed a juggernaut
 69623 | Depths:4 | Killed a juggernaut
 70022 | Depths:4 | Noticed Margery
 70034 | Depths:4 | Killed Margery
 70473 | Depths:4 | Found a gate to the Realm of Zot.
 70659 | Depths:4 | Noticed a juggernaut
 70663 | Depths:4 | Killed a juggernaut
 70855 | Depths:4 | Gained mutation: You are clumsy. (Dex -2) [a cacodemon]
 70988 | Zot:1    | Entered Level 1 of the Realm of Zot
 70988 | Zot:1    | Found a transporter.
 71006 | Zot:1    | Reached XP level 27. HP: 199/199 MP: 23/23
 71562 | Zot:1    | Identified the +2 cloak of the Sky {rC+ rCorr Str+2}
 71568 | Zot:1    | Found a bloodstained altar of Trog.
 71568 | Zot:1    | Noticed Visuc's ghost (master GrBe)
 71569 | Zot:1    | Identified the +3 cloak of the Chupacabra {rF++}
 71575 | Zot:1    | Found a transporter.
 72520 | Zot:2    | Found a burning altar of Makhleb.
 72540 | Zot:3    | Noticed an orb of fire
 72543 | Zot:3    | Gained mutation: You have an uncontrollable temper. [an orb
                  | of fire]
 72552 | Zot:3    | Killed an orb of fire
 72762 | Zot:3    | Noticed Kyph's ghost (legendary MiBe)
 72852 | Zot:4    | Reached skill level 27 in Axes
 73445 | Zot:5    | Entered Level 5 of the Realm of Zot
 74645 | Zot:5    | Noticed a dread lich
 74656 | Zot:5    | Killed a dread lich
 74689 | Zot:5    | Noticed an ancient lich
 74703 | Zot:5    | Killed an ancient lich
 74703 | Zot:5    | Noticed a dread lich
 74706 | Zot:5    | Noticed an ancient lich
 74709 | Zot:5    | Noticed an ancient lich
 74711 | Zot:5    | Killed a dread lich
 74713 | Zot:5    | Noticed an orb of fire
 74719 | Zot:5    | Killed an ancient lich
 74719 | Zot:5    | Noticed an ancient lich
 74727 | Zot:5    | Killed an orb of fire
 74732 | Zot:5    | Killed an ancient lich
 74732 | Zot:5    | Killed an ancient lich
 74980 | Zot:5    | Got the Orb of Zot
 75191 | Depths:4 | Noticed Hing the pandemonium lord
 75821 | D:$      | Escaped with the Orb!

Illustrated notes

Levels and vault maps discovered:
D:1:      minmay_arrival_loop, layout_rooms, nicolae_ecumenical_snake_handling,
          minmay_heptomino_d4
D:2:      layout_rooms, basic_altar, serial_shops, nicolae_shop_behind_doors
D:3:      layout_basic, serial_bayou_pond_a, minmay_statues_item,
          chequers_serial_rivers_micro_d
D:4:      layout_cave_pools, mainiacjoe_overflow_two_lobes, dk_xom_monty_hall,
          nicolae_yredelemnul_corpse_copse, minmay_misc_feat_rows,
          uniq_crazy_yiuf_cottage
D:5:      gammafunk_wand_slinger, layout_loops_ring,
          minmay_temple_entry_junction, cheibrodos_sewer_entry_bend,
          minmay_gold_behind_fungi, nicolae_titane
D:6:      layout_cave_pools, lemuel_tele_altar, chequers_avenue, uniq_pikel,
          uniq_sigmund
D:7:      layout_cave_pools, mainiacjoe_overflow_large_starburst, serial_shops,
          nicolae_shop_back_alley_shop, feat_on_display
D:8:      layout_rooms, doesnt_shop_hydraphobe
D:9:      layout_big_octagon, nicolae_ru_great_annihilating_truth,
          hangedman_abyss_or_decor_clamps, serial_park_tiny_pond
D:10:     layout_cave_pools, zin_angel, lair_entry_dummy, uniq_amaemon,
          uniq_urug
D:11:     layout_irregular_city, david_orc_4, serial_shops,
          nicolae_shop_tiny_real_fake_doors, shop, shop, shop_fountains
D:12:     layout_basic, nicolae_nh_vlads_tower
D:13:     layout_long_grid, grunt_vaults_entry_tiered,
          ebering_ghost_rock_garden, uniq_snorg
D:14:     layout_roguey, serial_curves, eino_curves_04, eino_curves_03,
          hangedman_parallel_progression
D:15:     grunt_enter_depths_giant_problem, layout_gridville,
          minmay_misc_feat_cross, uniq_louise
Temple:   nicolae_temple_ecumenical_triangle
Lair:1:   layout_gridlike, beast_lair_carwin_11
Lair:2:   layout_cellular_growth, minmay_shoals_entry_lonely_mermaid,
          portal_ice_cave_entry_pillars_1
Lair:3:   layout_small_grid, nicolae_spider_entry_orb_guardian, minivault_25
Lair:4:   layout_roguey, serial_bayou, serial_bayou_pond_b,
          serial_bayou_lagoon_a, serial_bayou_lagoon_b, serial_bayou_shore_a,
          serial_bayou_shore_b
Lair:5:   wormcave, layout_gridlike, minmay_slime_entry_jelly_boxes,
          lemuel_fruit_tree
Shoals:1: layout_shoals, abandoned_shop, uniq_roxanne
Shoals:2: layout_shoals, nicolae_stop_n_shop_1
Shoals:3: layout_shoals, serial_shops, shop, nicolae_shoals_so_close,
          uniq_ilsuiw, uniq_kirke
Shoals:4: shoals_end_hellmonk_storm_palace [storm_palace_center_circular,
          storm_palace_corner_reverse_hut, storm_palace_corner_reverse_hut,
          storm_palace_corner_altar, storm_palace_corner_blocked], serial_shops
Spider:1: layout_cave_pods, beargit_elvish_explorers, uniq_agnes
Spider:2: layout_spider_delve, nicolae_looking_at_the_future, uniq_donald
Spider:3: layout_spider_delve, uniq_nikola
Spider:4: grunt_spider_rune_circles, nicolae_spider_altar_of_dancing,
          uniq_arachne
Slime:1:  layout_caves
Slime:2:  layout_caves
Slime:3:  layout_caves
Slime:4:  layout_caves
Slime:5:  slime_pit_nicolae_jellycorners
Orc:1:    layout_caves, gammafunk_ghost_necromancy
Orc:2:    st_orc_mages, layout_caves, basic_altar, nicolae_orc_lost_temple,
          uniq_jorgrun
Elf:1:    eino_elf_arrival_customs, layout_onion_city, serial_shops,
          bzr_in_the_mist, minmay_elf_crystal_hexagon
Elf:2:    nicolae_elf_blades_crystal_corner, layout_loops_corners, serial_shops,
          nicolae_shop_tiny_waterfront, shop, nicolae_shop_real_fake_doors,
          nicolae_elevator_lobby_asterisk
Elf:3:    minmay_elf_hall_circle, layout_geoelf_castle, serial_shops, shop,
          uniq_aizul
Vaults:1: nicolae_vaults_tetromino_T_2, nicolae_vaults_offset_grid_hallway_1,
          nicolae_vaults_network_square, dpeg_vaults_pockets_of_resistance,
          hangedman_vaults_cutoff, nicolae_vaults_diamond_1,
          nicolae_vaults_asterisk, layout_vaults_omnigrid
Vaults:2: nicolae_vaults_lightning_bolt, vaults_room_door_hall, v_misc_9,
          nicolae_vaults_offset_grid_hallway_1, hangedman_vaults_river_flow,
          nicolae_vaults_six-pack, nicolae_vaults_shrinking_rooms_1,
          nicolae_vaults_c_with_doors, nicolae_vaults_theta,
          nicolae_vaults_closet_pinwheel_5, nicolae_vaults_storage_room_glass,
          vaults_room_stairs_pillars, layout_vaults_omnibox, serial_shops, shop
Vaults:3: ontoclasm_vaults_spin, v_misc_2, minmay_crypt_entry_simple_corners,
          ontoclasm_vaults_ring_square, nicolae_vaults_specimen_jars,
          ontoclasm_vaults_eye, nicolae_vaults_little_squares_1,
          nicolae_vaults_closet_pinwheel_6, hangedman_vaults_stretched_pinwheel,
          vaults_mumra_lcd, nicolae_vaults_wine_cellar,
          nicolae_vaults_mini_display_case, nicolae_vaults_trapezoid_2,
          layout_vaults_ring, serial_shops, shop, uniq_mennas
Vaults:4: nicolae_vaults_diamond_1, vaults_room_door_ring,
          nicolae_vaults_little_squares_2, vaults_room_glass_cross,
          nicolae_vaults_house_3, nicolae_vaults_little_squares_6,
          nicolae_vaults_network_quincunx
          [nicolae_vaults_network_quincunx_subvault,
          nicolae_vaults_network_quincunx_subvault,
          nicolae_vaults_network_quincunx_subvault,
          nicolae_vaults_network_quincunx_subvault,
          nicolae_vaults_network_quincunx_subvault],
          nicolae_vaults_tetromino_L_2, nicolae_vaults_yaktaur_gun_rack,
          nicolae_vaults_layer_cake_slice, nicolae_vaults_arrows,
          nicolae_vaults_layer_cake_slice, nicolae_vaults_hexular_roomagon,
          nicolae_vaults_frosty_reception, layout_vaults_big_cross,
          serial_shops, shop, uniq_xtahua
Depths:1: layout_cave_shapes, enter_ziggurat_d, serial_bayou,
          serial_bayou_lake_a, serial_bayou_pond_c, serial_bayou_pond_b,
          serial_bayou_pond_d, serial_bayou_shore_b, serial_bayou_shore_b,
          nicolae_abyss_entry_one_way_or_another, hell_entry, library_closet,
          minmay_metal_thing
Depths:2: mu_elemental_laboratory, layout_basic, pan_entry, nrook_pool_corridor,
          serial_shops, nicolae_shop_window_shopping, lightli_too_deep,
          ashenzari_altar_1
Depths:3: kennysheep_four_of_diamonds, layout_gridlike,
          nicolae_twisty_statue_hallways, hell_entry, abyss_entry_crystal,
          nicolae_elyvilon_peaceful_grove
Depths:4: evilmike_zot_entry_hall, layout_honeycomb, rand_demon_pan_entry_4,
          hangedman_tar_grid_catacomb, uniq_margery
Zot:1:    minmay_elemental_castle, layout_cellular_growth,
          hangedman_zot_wheel_spokes, gammafunk_ghost_wrathful_warriors
Zot:2:    layout_concentric_octagons, basic_altar,
          chequers_guarded_unrand_mask_of_the_dragon
Zot:3:    layout_twisted_circle, gammafunk_ghost_arena
Zot:4:    layout_onion_interference, regret_index_zotdec_zees,
          hangedman_zot_decor_tridents, st_small_dragon_hoard_3,
          hangedman_elemental_grid_stream
Zot:5:    layout_cathedral_of_symmetry

Skill      XL: |  1  2  3  4  5  6  7  8  9 10 11 12 13 14 15 16 17 18 19 20 21 22 23 24 25 26 27 |
---------------+----------------------------------------------------------------------------------+-----
Axes           | 2 3 4 6 8 10 12 14 15 16 18 19 22 24 25 27 | 27.0
Armour         | 4 6 8 10 12 14 16 17 21 22 26 | 26.5
Fighting       | 4 5 6 7 9 10 12 13 14 16 18 20 21 22 24 27 | 27.0
Shields        | 4 |  4.1
Stealth        | 1 |  1.0
Polearms       | 3 8 11 13 | 13.4
Ranged Weapons | 3 7 |  7.1
Dodging        | 10 | 10.9
Evocations     | |  0.7

Action                     |  1- 3 |  4- 6 |  7- 9 | 10-12 | 13-15 | 16-18 | 19-21 | 22-24 | 25-27 || total
---------------------------+-------+-------+-------+-------+-------+-------+-------+-------+-------++-------
  Melee: War axe           |   105 |   171 |   343 |   643 |    64 |  1295 |       |       |       ||  2621
         Punch             |       |       |       |     2 |       |    15 |       |       |       ||    17
         Halberd           |       |       |       |    68 |  1513 |       |       |       |       ||  1581
         Battleaxe         |       |       |       |       |       |   139 |  1283 |  1405 |  1016 ||  3843
   Fire: Shortbow          |       |       |       |       |       |       |    12 |       |       ||    12
 Invoke: Potion Petition   |       |       |       |     1 |     5 |     1 |    10 |     4 |     2 ||    23
         Call Merchant     |       |       |       |       |     2 |       |       |     3 |       ||     5
  Evoke: Wand              |       |       |       |     9 |     8 |       |       |       |     1 ||    18
    Use: Scroll            |       |     2 |     2 |     9 |    15 |    16 |     5 |     3 |    10 ||    62
         Potion            |       |     2 |     7 |     4 |     9 |     3 |     3 |    16 |     4 ||    48
   Stab: Paralysed         |       |       |       |    17 |       |       |       |       |       ||    17
         Distracted        |       |       |       |     2 |     7 |    18 |    16 |     5 |    10 ||    58
         Invisible         |       |       |       |       |     4 |       |     2 |     2 |     6 ||    14
         Confused          |       |       |       |       |       |       |       |       |     1 ||     1
 Armour: Chain mail        |    84 |   138 |   353 |    88 |       |       |       |       |       ||   663
         Scale mail        |     1 |       |       |       |       |       |       |       |       ||     1
         Plate armour      |       |       |       |   585 |    14 |       |       |       |       ||   599
         Crystal plate arm |       |       |       |       |  1600 |  1463 |  1845 |  1266 |  1329 ||  7503
  Dodge: Dodged            |    47 |    75 |   182 |   225 |   310 |   484 |   579 |   700 |   680 ||  3282
  Block: Buckler           |    25 |    55 |    76 |    89 |       |       |       |       |       ||   245

Table legend: (Time is in decaauts)
 A = Elapsed time spent in this place.
 B = Non-inter-level travel time spent in this place.
 C = Inter-level travel time spent in this place.
 D = Time resting spent in this place.
 E = Time spent auto-exploring this place.
 F = Levels seen in this place.
 G = Mean time per level.
                   A        B        C        D        E       F      G
               +--------+--------+--------+--------+--------+-----+--------+
         Total |  74331 |  66463 |   7868 |   4670 |  48066 |  65 | 1143.6 |
       Dungeon |  17122 |  14223 |   2899 |    175 |  10786 |  15 | 1141.5 |
        Temple |     14 |     14 |      0 |      0 |      0 |   1 |   14.0 |
          Lair |   8672 |   7375 |   1297 |    295 |   5921 |   5 | 1734.4 |
        Shoals |   6482 |   6270 |    212 |     77 |   5179 |   4 | 1620.5 |
   Spider Nest |   5789 |   5639 |    150 |    738 |   3820 |   4 | 1447.2 |
    Slime Pits |   1851 |   1558 |    293 |    490 |    690 |   5 |  370.2 |
  Orcish Mines |   4034 |   3390 |    644 |    663 |   1953 |   2 | 2017.0 |
   Elven Halls |   6442 |   5272 |   1170 |    455 |   3618 |   3 | 2147.3 |
        Vaults |   8116 |   7898 |    218 |      3 |   6592 |   4 | 2029.0 |
        Depths |   7892 |   7319 |    573 |   1002 |   5060 |   4 | 1973.0 |
           Zot |   4150 |   3742 |    408 |    264 |   2577 |   5 |  830.0 |
      Ziggurat |   1720 |   1720 |      0 |    125 |    997 |  10 |  172.0 |
        Bazaar |    327 |    327 |      0 |      0 |    244 |   1 |  327.0 |
         Sewer |    611 |    611 |      0 |      0 |    272 |   1 |  611.0 |
      Ice Cave |   1102 |   1102 |      0 |    379 |    354 |   1 | 1102.0 |
               +--------+--------+--------+--------+--------+-----+--------+

Top non-repeatable levels by time:
  Lair:5: 2877 daAuts
Depths:2: 2724 daAuts
   Orc:1: 2561 daAuts
Vaults:1: 2444 daAuts
Spider:3: 2393 daAuts
   Elf:2: 2280 daAuts
    D:13: 2172 daAuts
   Elf:1: 2096 daAuts
   Elf:3: 2066 daAuts
Shoals:4: 2052 daAuts
Vaults:2: 1978 daAuts
Depths:3: 1915 daAuts
Vaults:4: 1871 daAuts
    D:11: 1822 daAuts
Vaults:3: 1821 daAuts
